[Event "1st Capablanca Memorial 2017"]
[Site "Heraklion"]
[Date "2017.04.24"]
[Round "8"]
[White "Triantos, Konstantinos"]
[Black "Langrock, Hannes"]
[Result "0-1"]
[ECO "C02"]
[WhiteElo "2051"]
[BlackElo "2387"]
[Annotator "ChessBase"]
[PlyCount "114"]
[EventDate "2017.??.??"]
[EventType "tourn"]
[EventCountry "GRE"]
[SourceTitle "playchess.com"]
[Source "ChessBase"]
[SourceQuality "1"]
[TimeControl "40/5400+30:1800+30"]

1. e4 e6 2. d4 d5 3. e5 c5 4. c3 Qb6 5. Nf3 Nc6 6. a3 Nh6 7. b4 cxd4 8. Bxh6 gxh6 9. cxd4 Bd7 10. Ra2 Rg8 11. h3 Be7 12. g3 f6 13. Bd3 fxe5 14. Nxe5 Nxe5 15. dxe5 O-O-O 16. Nc3 Kb8 17. Qe2 Rc8 18. Rc2 a5 19. Na2 Rxc2 20. Bxc2 Qd4 21. Kf1 Qb2 22. Bxh7 Qxe2+ 23. Kxe2 Rg5 24. Kd2 Bb5 25. Re1 Bc4 26. Bb1 Bxa2 27. Bxa2 axb4 28. Re3 bxa3 29. f4 Rg8 30. g4 b5 31. Kd3 Kc7 32. Re2 Kc6 33. f5 Bc5 34. Kc2 Bd4 35. Kd3 Bb2 36. fxe6 b4 37. Rc2+ Bc3 38. Rf2 Bxe5 39. Rf5 Kd6 40. Rh5 Rh8 41. e7 Bg7 42. Rxd5+ Kxe7 43. Kc4 Bc3 44. Rf5 Rd8 45. Rf2 Rd4+ 46. Kb3 Rd3 47. Re2+ Kd6 48. h4 Rh3 49. g5 h5 50. Bb1 Rxh4 51. g6 Rg4 52. Rh2 h4 53. Bf5 Rg3 54. Ka2 Kc5 55. Bc2 h3 56. Kb3 Be5+ 57. Ka4 a2 0-1

[Event "1st Capablanca Memorial 2017"]
[Site "Heraklion"]
[Date "2017.04.24"]
[Round "9"]
[White "Hristodoulou, Panagiotis"]
[Black "Tsakiris, Haralambos"]
[Result "1/2-1/2"]
[ECO "C42"]
[WhiteElo "2278"]
[BlackElo "2250"]
[Annotator "NA RC"]
[PlyCount "83"]
[EventDate "2017.??.??"]
[EventType "tourn"]
[EventCountry "GRE"]
[SourceTitle "playchess.com"]
[Source "ChessBase"]
[SourceQuality "1"]
[TimeControl "40/5400+30:1800+30"]

1. e4 e5 2. Nf3 Nf6 3. Nc3 Bb4 4. Nxe5 O-O 5. Be2 Re8 6. Nd3 Bxc3 7. dxc3 Nxe4 8. O-O d6 9. Nf4 Nd7 10. c4 Ndf6 11. f3 {[%emt 0:15:05] LiveBook: 6 Games} Nc5 12. Rf2 b6 13. b3 Qe7 14. Bb2 Bb7 15. Bf1 Qe3 16. Qd2 Qxd2 17. Rxd2 Ne6 18. Nd5 Nxd5 $1 19. cxd5 Nf4 20. c4 a5 21. a3 Re3 22. g3 Ng6 23. Rd3 Ree8 24. Kf2 Ne5 25. Re3 f6 26. Rae1 Kf8 27. h3 Nd7 28. Bd3 Rxe3 29. Rxe3 g6 30. a4 Re8 31. f4 Rxe3 32. Kxe3 Kf7 33. g4 Nc5 34. Bc2 Bc8 35. Bc3 Bd7 36. Kf3 Be8 37. Bd4 Bd7 38. Kg3 Bc8 39. h4 Bd7 40. h5 gxh5 41. gxh5 h6 42. Bc3 $11 1/2-1/2

[Event "1st Capablanca Memorial 2017"]
[Site "Heraklion"]
[Date "2017.04.24"]
[Round "9"]
[White "Anagnostopoulos, Konstantinos"]
[Black "Taylor, Adam C"]
[Result "0-1"]
[ECO "E94"]
[WhiteElo "2201"]
[BlackElo "2231"]
[Annotator "NA"]
[PlyCount "84"]
[EventDate "2017.??.??"]
[EventType "tourn"]
[EventCountry "GRE"]
[SourceTitle "playchess.com"]
[Source "ChessBase"]
[SourceQuality "1"]
[TimeControl "40/5400+30:1800+30"]

1. d4 Nf6 2. Nf3 d6 3. c4 g6 4. Nc3 Bg7 5. e4 O-O 6. Be2 e5 7. O-O exd4 8. Nxd4 Re8 9. f3 Nc6 {[%emt 0:00:48] LiveBook: 655 Games} 10. Nc2 a5 {[%emt 0:01:44] E94: King's Indian: Classical: 6 Be2 e5 7 0-0: Various Black 7th moves} (10... Nh5 11. g4 Be5 12. gxh5 Bxh2+ 13. Kxh2 Qh4+ 14. Kg1 {½-½ (14) Dreev,A (2668)-Mamedov,R (2641) Baku 2013}) 11. Ne3 $146 (11. Be3 Nb4 12. Re1 Bd7 13. Bf1 Nxc2 14. Qxc2 Bc6 15. Rad1 Qb8 16. b3 Nd7 17. Nd5 Nc5 18. Bg5 {0-1 (41) Vodicka,V (2216)-Pisk,P (2380) Czechia 2007}) 11... Nh5 (11... Nd7 $11) 12. Nc2 (12. Ned5 $14) 12... Nb4 13. Nxb4 ({White should play} 13. Ne1 $11) 13... axb4 14. Nb5 Bd7 15. Qb3 (15. Qd2 $15) 15... Bxb5 16. cxb5 Bd4+ 17. Rf2 $2 ({White has to play} 17. Be3 $1 $15 Nf4 18. Rf2 Bxe3 19. Qxe3 Nxe2+ 20. Qxe2 (20. Rxe2 Re5 $15)) 17... Bxf2+ 18. Kxf2 Qh4+ 19. Kg1 Qe1+ 20. Bf1 d5 21. g4 dxe4 22. gxh5 e3 (22... gxh5 23. Qe3 exf3 24. Qg5+ (24. Qxf3 Re6 25. Rb1 Ra5 $17 (25... Rd8 $17)) 24... Kh8 25. Qf6+ Kg8 {[#]} 26. Bh6 $1 $14 ) 23. Bxe3 Qxe3+ 24. Qxe3 Rxe3 25. Kf2 {[%emt 0:00:06] [#]} Rb3 $1 26. Kg3 Rxb2 27. Rc1 Rc8 28. Bc4 gxh5 29. Rd1 {[%emt 0:00:53] [#]} h4+ $1 30. Kxh4 Rxh2+ 31. Kg5 Rh3 32. f4 Rc3 33. Bb3 Kg7 34. Rd7 h6+ 35. Kg4 Rf8 36. b6 cxb6 37. Rxb7 Rc6 38. Kf5 Rf6+ 39. Ke4 Re8+ 40. Kf3 Re1 41. Bc4 Rc1 $19 42. Bb3 Rf1+ 0-1